 Dungeon Crawl Stone Soup version 0.17-a0-1775-g10da671 (webtiles) character file.

382 Budzuppa the Transmogrifier (level 6, -2/43 HPs)
             Began as a Merfolk Transmuter on Sept 8, 2015.
             Slain by Menkaure (14 damage)
             ... on level 4 of the Dungeon.
             The game lasted 00:34:24 (6293 turns).

Budzuppa the Transmogrifier (Merfolk Transmuter)    Turns: 6293, Time: 00:34:24

Health: -2/43      AC:  2    Str: 11    XL:     6   Next: 76%
Magic:  8/9        EV: 13    Int: 13    God:
Gold:   187        SH:  0    Dex: 15    Spells: 3 memorised, 3 levels left

rFire  . . .     SeeInvis .     f - +0 whip
rCold  . . .     Clarity  .     b - +0 robe
rNeg   . . .     SustAt   .     (no shield)
rPois  .         Gourm    .     (no helmet)
rElec  .         Spirit   .     (no cloak)
rCorr  .         Warding  .     (no gloves)
rMut   .         Stasis   .     (no boots)
MR     .....                    (no amulet)
Stlth  +.........               (no ring)
                                (no ring)

@: about to teleport, appendage, not resistant to hostile enchantments, very
unstealthy
A: change form in water, swift swim, horns 2
a: End Transformation


You were on level 4 of the Dungeon.
You were hungry.
You had grown temporary horns.
You visited 1 branch of the dungeon, and saw 4 of its levels.
You also visited: Sewer.

You collected 187 gold pieces.

Inventory:

Hand weapons
 f - a +0 whip (weapon)
Missiles
 a - 25 arrows
Armour
 b - a +0 robe (worn)
 v - a +0 helmet
Magical devices
 j - a wand of teleportation (4)
 r - a wand of magic darts (13)
Scrolls
 e - a scroll of amnesia
 k - 2 scrolls of remove curse
 n - 2 scrolls of identify {unknown}
 p - 3 scrolls of fog {unknown}
 q - a scroll of fear {unknown}
 t - 4 scrolls of recharging {unknown}
 u - 2 scrolls of blinking {unknown}
 y - a scroll of noise {unknown}
 z - a scroll of enchant weapon {unknown}
Potions
 h - a potion of degeneration {unknown}
 i - a potion of lignification {unknown}
 o - a potion of invisibility {unknown}
 s - a potion of mutation {unknown}
 w - a potion of poison {unknown}
Books
 c - a book of Changes

   Spells                             Type                      Level
   a - Beastly Appendage              Transmutation                1
   b - Sticks to Snakes               Transmutation                2
   c - Spider Form                    Transmutation/Poison         3
   d - Ice Form                       Ice/Transmutation            4
   e - Blade Hands                    Transmutation                5
Comestibles
 d - 4 bread rations
 l - a royal jelly
 m - 2 meat rations
 x - a beef jerky


   Skills:
 + Level 1.1 Fighting
 - Level 2.6 Dodging
 + Level 3.4 Unarmed Combat
 - Level 2.0 Spellcasting
 - Level 9.1 Transmutations


You had 3 spell levels left.
You knew the following spells:

 Your Spells              Type           Power        Failure   Level  Hunger
a - Beastly Appendage     Trmt           ####..       1%          1    ##.....
b - Sticks to Snakes      Trmt           ####......   1%          2    ###....
c - Spider Form           Trmt/Pois      ##........   12%         3    ####...


Dungeon Overview and Level Annotations

Branches:
Dungeon (4/15)
 Temple: D:4-7

Altars:
Ashenzari
Cheibriados
Dithmenos
Elyvilon
Fedhas
Gozag
Nemelex Xobeh
Ru
Xom
Zin

Annotations:
D:4 Menkaure


Innate Abilities, Weirdness & Mutations

You revert to your normal form in water.
You are very nimble and swift while swimming.
You have a pair of horns on your head.


Message History

Your punch misses Menkaure.
Menkaure is lightly damaged.
Menkaure gestures at you while chanting.
Pain shoots through your body!
You hit Menkaure.
Menkaure is lightly damaged.
Menkaure calls on the powers of darkness!
Your body is wracked with pain!
Menkaure calls on the powers of darkness!
Your body is wracked with pain!
* * * LOW HITPOINT WARNING * * *
Unknown command.
Read which item? (? for menu, Esc to quit)
Okay, then.
Drink which item? (? for menu, Esc to quit)
Okay, then.
Read which item? (? for menu, Esc to quit)
As you read the scroll of teleportation, it crumbles to dust.
You feel strangely unstable. Menkaure hits you!
You die...

#...# #...#
##..# #..#
#..# #<.#
#..# #..###
#@...#
......M.....#
....###.##..#
.. ...# ..#
###.. ....
..# ..### ###
..# ..#


You could see Menkaure.

Vanquished Creatures
  A phantom (D:4)
  7 gnolls
  2 river rats (Sewer)
  10 adders
  An ooze (D:3)
  2 worms
  3 giant geckos
  6 orcs
  5 bats
  6 giant cockroaches
  12 goblins
  7 hobgoblins
  4 jackals (D:1)
  4 kobolds
  A ball python (D:1)
  2 giant newts (D:1)
  4 quokkas
  29 rats
106 creatures vanquished.

Vanquished Creatures (others)
  A giant newt (D:3)
1 creature vanquished.

Grand Total: 107 creatures vanquished

Notes
Turn   | Place    | Note
--------------------------------------------------------------
     0 | D:1      | Budzuppa the Merfolk Transmuter began the quest for the Orb.
     0 | D:1      | Reached XP level 1. HP: 15/15 MP: 3/3
   103 | D:1      | Found a shattered altar of Ashenzari.
   220 | D:1      | Reached XP level 2. HP: 21/21 MP: 3/5
   644 | D:1      | Reached skill level 4 in Transmutations
  1133 | D:1      | Reached XP level 3. HP: 22/26 MP: 6/6
  1592 | D:2      | Reached skill level 5 in Transmutations
  1602 | D:2      | HP: 1/26 [rat (3)]
  1919 | D:2      | Learned a level 2 spell: Sticks to Snakes
  1923 | D:2      | Learned a level 3 spell: Spider Form
  2391 | D:2      | Reached XP level 4. HP: 30/32 MP: 5/7
  2718 | D:2      | Reached skill level 6 in Transmutations
  3150 | D:2      | Reached XP level 5. HP: 32/37 MP: 8/8
  3456 | D:3      | Found a snail-covered altar of Cheibriados.
  3608 | D:3      | Found a glowing drain.
  3718 | Sewer    | Entered a sewer
  3724 | Sewer    | Reached skill level 7 in Transmutations
  3916 | Sewer    | Noticed Gargoyl's ghost (average DsAK)
  4769 | D:3      | Reached XP level 6. HP: 30/43 MP: 9/9
  4793 | D:3      | Reached skill level 8 in Transmutations
  5245 | D:3      | Found a blossoming altar of Fedhas.
  5253 | D:3      | Found an opulent altar of Gozag.
  5259 | D:3      | Found a sacrificial altar of Ru.
  5263 | D:3      | Found a sparkling altar of Nemelex Xobeh.
  5268 | D:3      | Found a shimmering altar of Xom.
  5273 | D:3      | Found a shadowy altar of Dithmenos.
  5281 | D:3      | Found a glowing silver altar of Zin.
  5555 | D:3      | Found a white marble altar of Elyvilon.
  6164 | D:4      | Reached skill level 9 in Transmutations
  6274 | D:4      | Noticed Menkaure
  6293 | D:4      | Slain by Menkaure

Vault maps used:
D:1:      grunt_arrival_lava_bath, roderic_filled_cross,
          nicolae_ashenzari_panopticon
D:2:      minmay_rat_hole
D:3:      grunt_temple_overflow_octagram, elyvilon_altar_4,
          overflow_temple_1_default, portal_sewer_entry_a
D:4:      trog_hazing_becter, uniq_eustachio, uniq_pikel, uniq_menkaure
Sewer:    sewer_kobolds

Action                   |  1- 3 |  4- 6 || total
-------------------------+-------+-------++-------
Melee: Unarmed           |    17 |    75 ||    92
       Whip              |   157 |   230 ||   387
 Cast: Beastly Appendage |    22 |     6 ||    28
       Spider Form       |       |    11 ||    11
       Sticks to Snakes  |       |     4 ||     4
Evoke: Wand              |       |     3 ||     3
  Use: Potion            |     1 |     2 ||     3
       Scroll            |       |     6 ||     6
 Stab: Sleeping          |       |     1 ||     1
  Eat: Chunk             |     5 |    10 ||    15
       Bread ration      |       |     1 ||     1
